 Dungeon Sprint DCSS version 0.27-a0-1140-g099f9bb0e8 (webtiles) character file.

Game seed: 4180200256275230169

84 Zeld the Gusty (level 4, 0/31 HPs)
             Began as an Octopode Air Elementalist on May 9, 2021.
             Was an Initiate of Sif Muna.
             Killed by their own static electricity (2 damage)
             ... in the Dungeon (Sprint IV: "Fedhas' Mad Dash").
             The game lasted 00:01:21 (1741 turns).

Zeld the Gusty (Octopode Air Elementalist)          Turns: 1741, Time: 00:01:22

Health: 0/31       AC: -3    Str:  7    XL:     4   Next: 45%
Magic:  4/9        EV: 14    Int: 18    God:    Sif Muna [......]
Gold:   59         SH:  0    Dex: 12    Spells: 3/10 levels left

rFire    . . .     SeeInvis .   (no weapon)
rCold    . . .     Faith    .   (no shield)
rNeg     . . .     Spirit   .   (helmet restricted)
rPois    .         Reflect  .   g - amulet of invisibility {+Inv}
rElec    .         Harm     .   (no ring)
rCorr    .         Rampage  .   (no ring)
Will     .....     NoTele   +   (no ring)
Stlth    +++.......             (no ring)
HPRegen  0.10/turn              (no ring)
MPRegen  0.11/turn              (no ring)
                                (no ring)
                                (no ring)

@: corroded, very slightly contaminated, invisible
A: almost no armour, amphibious, 8 rings, camouflage 1, gelatinous body 1,
(nimble swimmer 1), tentacles
a: Renounce Religion, Evoke Invisibility


You were in the Dungeon.
You worshipped Sif Muna.
Sif Muna was noncommittal.
You visited 1 branch You collected 59 gold pieces.

Inventory:

Jewellery
 g - the amulet of invisibility (around mantle) {+Inv}
   (You found it in the Dungeon)

   [amulet of nothing]

   It lets you turn invisible.
Scrolls
 a - a scroll of vulnerability {unknown}
Potions
 b - a potion of curing
 c - a potion of heal wounds
 d - a potion of haste
 e - 2 potions of magic
 f - a potion of degeneration {unknown}


   Skills:
 + Level 3.4 Fighting
 + Level 4.1 Dodging
 - Level 2.6 Stealth
 + Level 3.8 Spellcasting
 - Level 1.0 Conjurations
 * Level 6.0 Air Magic


You had 3 spell levels left.
You knew the following spells:

 Your Spells              Type           Power      Damage    Failure   Level
a - Shock                 Conj/Air       64%        1d7       3%          1
b - Static Discharge      Conj/Air       16%        N/A       5%          2
c - Airstrike             Air            12%        N/A       12%         4

Your spell library contained the following spells:

 Spells                   Type           Power      Damage    Failure   Level
 Swiftness                Air            25%        N/A       3%          3
 Lightning Bolt           Conj/Air       8%         1d20      67%         5


Dungeon Overview and Level Annotations

Branches:
Dungeon (1/1)

Altars:
Cheibriados
Dithmenos
Elyvilon
Gozag
Hepliaklqana
Kikubaaqudgha
Makhleb
Nemelex Xobeh
Okawaru
Qazlal
Ru
Sif Muna
Trog
Uskayaw
Vehumet
Wu Jian
Xom
Yredelemnul
Zin
The Shining One
Beogh
Jiyva
Lugonu

Annotations:
D exclusion: oklob sapling


Innate Abilities, Weirdness & Mutations

You cannot wear most types of armour.
You are amphibious.
You can wear up to eight rings at the same time.
Your skin changes colour to match your surroundings (Stealth+).
Your rubbery body absorbs attacks. (AC +1, EV +1)
((You are camouflaged near water. (Stealth+)))
You have tentacles for arms and can constrict up to eight enemies at once.


Message History

The oklob sapling priest looks braver for a moment.
There is an open door here.
You close the door.
You start waiting.
Your magical contamination has completely faded away.
You start waiting.
Done waiting.
You fail to use your ability.
You open the door.
You fail to use your ability.
Really wriggl into a travel-excluded area? [Y]es or [N]o only, please.
Really wriggl into a travel-excluded area?
There is an open door here.
You fail to use your ability.
You fade into invisibility!
You are very lightly contaminated with residual magic.
There is a burning altar of Makhleb here.
There is a sparkling altar of Nemelex Xobeh here.
There is a bloodstained altar of Trog here.
Casting: Static Discharge (safe; 5% risk of failure)
Confirm with . or Enter, or press ? or * to list all spells.
The spell is extremely dangerous to cast (12% risk of failure)!
Continue anyway?
Okay, then.
Casting: Airstrike (extremely dangerous; 12% risk of failure)
Confirm with . or Enter, or press ? or * to list all spells.
The oklob sapling priest is struck by an arc of lightning.
The oklob sapling priest is moderately damaged.
You are struck by an arc of lightning.
The lightning grounds out.
The oklob sapling priest spits acid at you.
The splash of acid hits you! The acid corrodes you!
You are splashed with acid!
* * * LOW HITPOINT WARNING * * *
Unknown command.
Press < or > to pray at altars.
Casting: Static Discharge (safe; 5% risk of failure)
Confirm with . or Enter, or press ? or * to list all spells.
The oklob sapling priest is struck by an arc of lightning!
The oklob sapling priest is heavily damaged.
You are struck by an arc of lightning.
You die...

########################
...#.....#.⌠._._._._.⌠.#
...'.#...'.._._._._._..+
...#.#...#..._._P_._...#
#######+##.._._.@._._..#
#._._._._._.⌠.#
###############


You could see an oklob sapling priest (unaware).

Vanquished Creatures
  A scorpion (D)
  An oklob sapling (D)
  A rat (D)
3 creatures vanquished.

Vanquished Creatures (others)
  6 fungi (D)
6 creatures vanquished.

Grand Total: 9 creatures vanquished

Notes
Turn   | Place    | Note
-------+----------+-------------------------------------------
     0 | D        | Zeld the Octopode Air Elementalist began the quest for the
                  | Orb.
     0 | D        | Reached XP level 1. HP: 11/11 MP: 3/3
   980 | D        | Noticed an oklob sapling
   985 | D        | Killed an oklob sapling
   986 | D        | Reached skill level 4 in Air Magic
   986 | D        | Reached XP level 2. HP: 19/19 MP: 4/6
   986 | D        | Reached XP level 3. HP: 24/24 MP: 4/7
  1435 | D        | Noticed a scorpion
  1436 | D        | Found the amulet of invisibility {+Inv}
  1440 | D        | Learned a level 2 spell: Static Discharge
  1447 | D        | Killed a scorpion
  1448 | D        | Reached skill level 6 in Air Magic
  1448 | D        | Reached XP level 4. HP: 19/31 MP: 1/9
  1567 | D        | Found an opulent altar of Gozag.
  1567 | D        | Found a hazy altar of Hepliaklqana.
  1567 | D        | Found a burning altar of Makhleb.
  1567 | D        | Found a sparkling altar of Nemelex Xobeh.
  1567 | D        | Found a snail-covered altar of Cheibriados.
  1567 | D        | Found a sacrificial altar of Ru.
  1567 | D        | Found a shimmering blue altar of Sif Muna.
  1567 | D        | Found a shimmering altar of Xom.
  1567 | D        | Found a basalt altar of Yredelemnul.
  1568 | D        | Found a viscous altar of Jiyva.
  1568 | D        | Found a bloodstained altar of Trog.
  1568 | D        | Found an ornate altar of the Wu Jian Council.
  1568 | D        | Noticed an oklob sapling priest
  1569 | D        | Found an iron altar of Okawaru.
  1569 | D        | Found a shadowy altar of Dithmenos.
  1569 | D        | Found a glowing silver altar of Zin.
  1570 | D        | Found an ancient bone altar of Kikubaaqudgha.
  1570 | D        | Found a hide-covered altar of Uskayaw.
  1571 | D        | Found a stormy altar of Qazlal.
  1571 | D        | Found a glowing golden altar of the Shining One.
  1571 | D        | Found a white marble altar of Elyvilon.
  1572 | D        | Found a radiant altar of Vehumet.
  1572 | D        | Found a corrupted altar of Lugonu.
  1576 | D        | Became a worshipper of Sif Muna the Loreminder
  1582 | D        | Learned a level 4 spell: Airstrike
  1741 | D        | Killed from afar by themself

Illustrated notes

Levels and vault maps discovered:
D:        dungeon_sprint_fedhas [sprint_temple]

Skill      XL: |  1  2  3 |
---------------+----------+-----
Fighting       | 2 3 |  3.4
Dodging        | 3 4 |  4.1
Spellcasting   | 3 |  3.8
Air Magic      | 4 6 |  6.0
Stealth        | |  2.6
Conjurations   | |  1.0

Action                   |  1- 3 |  4- 6 || total
-------------------------+-------+-------++-------
Melee: Unarmed           |     3 |       ||     3
       Constrict         |     1 |       ||     1
 Cast: Shock             |     5 |       ||     5
       Static Discharge  |     3 |     1 ||     4
 Abil: Evoke Invisibilit |       |     2 ||     2
  Use: Scroll            |     1 |       ||     1
       Potion            |     1 |       ||     1
Dodge: Dodged            |     5 |       ||     5

Table legend: (Time is in decaauts)
 A = Elapsed time spent in this place.
 B = Non-inter-level travel time spent in this place.
 C = Inter-level travel time spent in this place.
 D = Time resting spent in this place.
 E = Time spent auto-exploring this place.
 F = Levels seen in this place.
 G = Mean time per level.
                   A        B        C        D        E       F      G
               +--------+--------+--------+--------+--------+-----+--------+
         Total |   1753 |   1753 |      0 |   1635 |      0 |   1 | 1753.0 |
       Dungeon |   1753 |   1753 |      0 |   1635 |      0 |   1 | 1753.0 |
               +--------+--------+--------+--------+--------+-----+--------+

Top non-repeatable levels by time:
       D: 1753 daAuts
